 Dungeon Crawl Stone Soup version 0.30-a0-972-gf3ab3527aa (webtiles) character file.

Game seed: 10604924165782517088

1778 tilp the Covert (level 8, -3/61 HPs)
             Began as a Vampire Enchanter on Mar 31, 2023.
             Slain by Duvessa
             ... wielding a +2 short sword of electrocution
              (9 damage)
             ... on level 6 of the Dungeon.
             The game lasted 00:11:22 (5387 turns).

tilp the Covert (Vampire Enchanter)                 Turns: 5387, Time: 00:11:22

Health: -3/61      AC:  8    Str: 19    XL:     8   Next: 81%
Magic:  6/13       EV: 13    Int: 20    God:
Gold:   19         SH:  0    Dex: 14    Spells: 2/13 levels left

rFire   . . .      SeeInvis +    a - +2 dagger (venom)
rCold   . . .      Faith    .    (no shield)
rNeg    . . .      Spirit   .    K - +2 leather armour {Will+}
rPois   .          Reflect  .    t - +0 helmet
rElec   .          Rampage  .    v - +0 cloak
rCorr   .                        J - +0 pair of gloves
Will    +....                    (no boots)
Stlth   ++++                     l - amulet of the acrobat
HPRegen 0.50/turn                h - +6 ring of strength
MPRegen 0.13/turn                r - +6 ring of strength

@: healing quickly
A: alive, fangs 3, see invisible, vampiric 2
a: Exsanguinate


You were on level 6 of the Dungeon.
You visited 1 branch of the dungeon, and saw 6 of its levels.
You also visited: Ossuary.

You collected 254 gold pieces.
You spent 235 gold pieces at shops.

Inventory:

Hand Weapons
 a - a +2 dagger of venom (weapon)
Missiles
 f - 2 boomerangs
 g - 12 poisoned darts (quivered)
 y - 2 javelins
 z - a curare-tipped dart
 A - a throwing net
Armour
 b - a +1 robe
 t - a +0 helmet (worn)
 v - a +0 cloak (worn)
 J - a +0 pair of gloves (worn)
 K - a +2 leather armour of willpower (worn)
Magical Staves
 D - the staff of air "Wirph" {rElec rF+}
   (You found it on level 5 of the Dungeon)

   [staff of air]

   Base accuracy: +5 Base damage: 5 Base attack delay: 1.2 This weapon's minimum
   attack delay (0.6) is reached at skill level 12.
   rF:        It protects you from fire.
   rElec:     It insulates you from electricity.
   It falls into the 'Staves' category.
   It is a one-handed weapon.
Jewellery
 h - a +6 ring of strength (left hand)
 l - an amulet of the acrobat (around neck)
 o - a ring of ice
 r - a +6 ring of strength (right hand)
Wands
 q - a wand of roots (4)
 u - a wand of paralysis (11)
 H - a wand of flame (5)
Scrolls
 j - a scroll of fog
 n - 2 scrolls of enchant weapon
 p - 2 scrolls of teleportation
 C - a scroll of amnesia
 F - a scroll of fear
 G - a scroll of immolation
 I - a scroll of blinking {unknown}
 L - 3 scrolls of enchant armour
Potions
 c - 2 potions of invisibility
 d - a potion of brilliance {unknown}
 e - a potion of resistance
 i - a potion of might
 k - 2 potions of attraction {unknown}
 m - 3 potions of heal wounds {unknown}
 s - 3 potions of lignification {unknown}
 w - a potion of ambrosia {unknown}
 x - 3 potions of flight {unknown}
 B - 2 potions of curing
 E - 3 potions of haste {unknown}


   Skills:
 * Level 4.5 Fighting
 * Level 6.5 Short Blades
 + Level 1.2 Throwing
 + Level 3.5 Dodging
 + Level 8.5 Stealth
 + Level 3.3 Spellcasting
 * Level 7.0 Hexes
 + Level 2.5 Evocations


You had 2 spell levels left.
You knew the following spells:

 Your Spells              Type           Power      Damage    Failure   Level
a - Ensorcelled Hibernat  Hex/Ice        34%        N/A       6%          2
b - Confusing Touch       Hex            31%        N/A       2%          3
c - Tukima's Dance        Hex            31%        N/A       2%          3
d - Dazzling Flash        Conj/Hex       34%        N/A       12%         3

Your spell library contained the following spells:

 Spells                   Type           Power      Damage    Failure   Level
 Beastly Appendage        Tmut           6%         N/A       16%         1
 Passwall                 Tmut/Erth      2%         N/A       24%         2
 Wereblood                Tmut           3%         N/A       24%         2
 Spider Form              Tmut/Pois      3%         N/A       43%         3
 Swiftness                Air            3%         N/A       43%         3


Dungeon Overview and Level Annotations

Branches:
Dungeon (6/15)            Ossuary (visited)
 Temple: D:4-7

Altars:
Fedhas
Xom

Shops:
D:4 (   D:5 ([[

Annotations:
D:6 Duvessa


Innate Abilities, Weirdness & Mutations

Your natural rate of healing is accelerated.
You have razor-sharp teeth.
You have supernaturally acute eyesight. (SInv)
You are afflicted with vampirism and can become a bat while bloodless.


Message History

Aiming: Paralyse
Press: ? - help, Shift-Dir - straight line, f/p - Duvessa
Aim: Duvessa, wielding a +2 short sword of electrocution and wearing a +0 leather armour of positive energy (lightly wounded, berserk, constricted by roots, chance to affect: 37%) Duvessa resists with some effort.
The grasping roots constrict Duvessa.
The roots release their grip on Duvessa.
You hear a loud, deep croak!
Unknown command.
Unknown command.
Aiming: Fastroot
Press: ? - help, Shift-Dir - straight line, f/p - Duvessa
Aim: Duvessa, wielding a +2 short sword of electrocution and wearing a +0 leather armour of positive energy (lightly wounded, berserk)
The roots erupt in riotous growth!
Roots grab Duvessa.
The grasping roots constrict Duvessa.
Duvessa struggles to escape constriction. x2
Unknown command.
Unknown command.
A bullfrog comes into view.
The grasping roots constrict Duvessa.
Duvessa closely misses you.
You completely miss Duvessa.
Duvessa is moderately wounded.
The grasping roots constrict Duvessa!
The roots release their grip on Duvessa.
Duvessa hits you with a +2 short sword of electrocution.
You are electrocuted!!
Duvessa hits you with a +2 short sword of electrocution!
You hit Duvessa but do no damage.
Duvessa is heavily wounded.
You hit Duvessa. Your bite misses Duvessa.
Duvessa is heavily wounded.
Duvessa hits you with a +2 short sword of electrocution!
* * * LOW HITPOINT WARNING * * *
You hit Duvessa.
Duvessa is heavily wounded.
Duvessa hits you with a +2 short sword of electrocution.
* * * LOW HITPOINT WARNING * * *
Duvessa hits you with a +2 short sword of electrocution!
* * * LOW HITPOINT WARNING * * *
You are electrocuted!
You die...

....#.....#....................
..# ##.....................#...
. ##.##.....................
###.........................
#...........................
....###.........##..........
...## #...F..####...<...#...
... #...e).#$##....†..###.
....####...@...##....#<..#..
#........#.#..#.....##.##..
##.....######............ .
##..... #........ .#.. #...(##.
......... ##.#. .....# ..
.......... # ..?... .. ....
...... #.. .... ...... ...


You could see Duvessa (berserk) and a bullfrog.

Vanquished Creatures
  Pikel (D:5)
  A black bear (D:5)
  2 ogres
  2 lemures (D:5)
  A phantom (D:5)
  A bullfrog (D:6)
  4 scorpions
  Dowan (D:6)
  3 orc priests
  2 sleepcaps (D:5)
  A human zombie (Ossuary)
  3 iguanas
  3 orc wizards (D:5)
  3 mummies (Ossuary)
  9 adders
  An ufetubus (D:6)
  2 adder zombies (Ossuary)
  3 worms (D:2)
  2 dart slugs
  14 orcs
  10 ball pythons
  3 endoplasms
  2 giant cockroaches
  A gnoll zombie (Ossuary)
  11 goblins
  15 hobgoblins
  12 jackals
  3 kobolds
  4 quokkas
  3 training dummies (D:4)
  3 bats
  3 frilled lizards
  2 goblin zombies (Ossuary)
  2 hobgoblin zombies (Ossuary)
  5 kobold zombies (Ossuary)
  5 quokka zombies (Ossuary)
  4 rats
147 creatures vanquished.

Notes
Turn   | Place    | Note
-------+----------+-------------------------------------------
     0 | D:1      | tilp the Vampire Enchanter began the quest for the Orb.
     0 | D:1      | Reached XP level 1. HP: 13/13 MP: 3/3
   186 | D:1      | Reached XP level 2. HP: 10/20 MP: 5/5
   275 | D:1      | Learned a level 2 spell: Ensorcelled Hibernation
   335 | D:1      | Reached skill level 1 in Fighting
   495 | D:1      | Gained mutation: You are afflicted with vampirism and can
                  | become a bat while bloodless. [Vampire growth]
   495 | D:1      | Reached XP level 3. HP: 21/26 MP: 6/6
  1523 | D:2      | Reached XP level 4. HP: 32/32 MP: 7/7
  1525 | D:2      | Reached skill level 5 in Stealth
  1978 | D:3      | Reached skill level 5 in Hexes
  2008 | D:3      | Reached XP level 5. HP: 17/38 MP: 0/8
  3329 | D:4      | Found a blossoming altar of Fedhas.
  3332 | D:4      | Found a shimmering altar of Xom.
  3337 | D:4      | Noticed an ogre
  3342 | D:4      | Killed an ogre
  3343 | D:4      | Reached XP level 6. HP: 46/46 MP: 6/9
  3536 | D:4      | Found Kegis's Firing Range.
  3797 | D:4      | Learned a level 3 spell: Confusing Touch
  3801 | D:4      | Learned a level 3 spell: Tukima's Dance
  3836 | D:5      | Entered Level 5 of the Dungeon
  3841 | D:5      | Reached skill level 1 in Evocations
  3845 | D:5      | Reached skill level 6 in Stealth
  3845 | D:5      | Reached XP level 7. HP: 51/52 MP: 4/11
  3985 | D:5      | Found Geoggona's Weapon Boutique.
  3985 | D:5      | Identified the staff of air "Wirph" {rElec rF+}
  4092 | D:5      | Found a sand-covered staircase.
  4100 | Ossuary  | Entered an ossuary
  4124 | Ossuary  | Reached skill level 5 in Short Blades
  4427 | D:5      | Found Pouloil's Armour Emporium.
  4461 | D:5      | Noticed Pikel
  4515 | D:5      | Killed Pikel
  4516 | D:5      | Reached skill level 8 in Stealth
  4516 | D:5      | Reached XP level 8. HP: 29/60 MP: 2/12
  4775 | D:5      | Reached skill level 1 in Throwing
  4973 | D:5      | Found Giaruo's Antique Armour Emporium.
  5134 | D:5      | Bought a +0 pair of gloves for 45 gold pieces
  5134 | D:5      | Bought a +2 leather armour of willpower for 190 gold pieces
  5148 | D:5      | Learned a level 3 spell: Dazzling Flash
  5341 | D:6      | Noticed Dowan
  5342 | D:6      | Noticed Duvessa
  5371 | D:6      | Killed Dowan
  5387 | D:6      | Slain by Duvessa

Illustrated notes

Levels and vault maps discovered:
D:1:      minmay_arrival_three_doors, layout_basic
D:2:      layout_loops_ring, minmay_unequal
D:3:      layout_loops_ring
D:4:      nicolae_cairo_tiling_very_big, layout_cave_pools,
          nicolae_overflow_squiral, nicolae_shop_firing_range
D:5:      layout_loops_cross, enter_ossuary_1, serial_shops, nicolae_shop_trees,
          nicolae_shop_window_shopping, shop, uniq_pikel
D:6:      cheibrodos_quashed, layout_cave_pools, uniq_duvessa

Skill      XL: |  1  2  3  4  5  6  7  8 |
---------------+-------------------------+-----
Fighting       | 1 2 3 4 |  4.5
Short Blades   | 2 3 4 6 |  6.5
Stealth        | 5 6 8 |  8.5
Hexes          | 5 6 7 |  7.0
Dodging        | 3 |  3.5
Evocations     | 1 2 |  2.5
Spellcasting   | 3 |  3.3
Throwing       | 1 |  1.2

Action                     |  1- 3 |  4- 6 |  7- 9 || total
---------------------------+-------+-------+-------++-------
  Melee: Dagger            |   116 |   127 |   227 ||   470
         Bite              |     8 |     9 |    27 ||    44
         Punch             |       |     2 |     6 ||     8
   Cast: Ensorcelled Hiber |    19 |    39 |    13 ||    71
         Confusing Touch   |       |       |    16 ||    16
  Evoke: Wand              |       |       |     4 ||     4
    Use: Potion            |     1 |     1 |       ||     2
         Scroll            |     5 |    11 |     1 ||    17
   Stab: Invisible         |     3 |       |       ||     3
         Sleeping          |    18 |    31 |     8 ||    57
         Distracted        |     1 |       |       ||     1
         Confused          |       |       |    12 ||    12
 Armour: Robe              |    13 |    26 |    25 ||    64
         Leather armour    |       |       |    13 ||    13
  Dodge: Dodged            |   107 |    75 |    86 ||   268

Table legend: (Time is in decaauts)
 A = Elapsed time spent in this place.
 B = Non-inter-level travel time spent in this place.
 C = Inter-level travel time spent in this place.
 D = Time resting spent in this place.
 E = Time spent auto-exploring this place.
 F = Levels seen in this place.
 G = Mean time per level.
                   A        B        C        D        E       F      G
               +--------+--------+--------+--------+--------+-----+--------+
         Total |   5294 |   5048 |    246 |    164 |   3617 |   7 |  756.3 |
       Dungeon |   4996 |   4750 |    246 |    111 |   3498 |   6 |  832.7 |
       Ossuary |    297 |    297 |      0 |     53 |    119 |   1 |  297.0 |
               +--------+--------+--------+--------+--------+-----+--------+

Top non-repeatable levels by time:
     D:3: 1105 daAuts
     D:2: 1032 daAuts
     D:5: 999 daAuts
     D:1: 836 daAuts
     D:4: 830 daAuts
 Ossuary: 297 daAuts
     D:6: 191 daAuts
